 Dungeon Crawl Stone Soup version 0.27.0-1-g7a089689b8 (webtiles) character file.

Game seed: 13016592183534161671

155 gimp the Ducker (level 5, -5/37 HPs)
             Began as a Spriggan Transmuter on Aug 11, 2021.
             Killed from afar by Ijyb (7 damage)
             ... with a puff of flame
             ... on level 3 of the Dungeon.
             The game lasted 00:12:41 (4866 turns).

gimp the Ducker (Spriggan Transmuter)               Turns: 4866, Time: 00:12:41

Health: -5/37      AC: 22    Str:  6      XL:     5   Next: 14%
Magic:  10/10      EV:  4    Int: 11 (14) God:
Gold:   203        SH:  0    Dex: 14 (17) Spells: 5/9 levels left

rFire    . . .     SeeInvis +   g - +0 dagger
rCold    . . .     Faith    .   (shield restricted)
rNeg     + + +     Spirit   .   (armour currently unavailable)
rPois    +         Reflect  .   (helmet currently unavailable)
rElec    .         Harm     .   (cloak currently unavailable)
rCorr    .         Rampage  .   (gloves unavailable)
Will     .....     NoTele   +   (boots unavailable)
Stlth    +++.......             (no amulet)
HPRegen  0.12/turn              (no ring)
MPRegen  0.12/turn              (no ring)

@: tree-form
A: stationary, stasis, torment immunity, boosted hp, very small, no large
weapons, unfitting armour, see invisible, (speed 3)
a: no special abilities


You were on level 3 of the Dungeon.
You were a tree.
You visited 1 branch of the dungeon, and saw 3 of its levels.

You collected 203 gold pieces.

Inventory:

Hand Weapons
 c - a +0 short sword
 g - a +0 dagger (weapon)
Missiles
 j - 15 poisoned darts
Armour
 a - a +0 robe (melded)
 e - a +2 cloak of stealth (melded)
Wands
 l - a wand of iceblast (5)
Scrolls
 b - a scroll of fear {unknown}
 f - a scroll of amnesia {unknown}
 i - a scroll of enchant armour
 k - a scroll of teleportation {unknown}
 m - a scroll of immolation
Potions
 d - a potion of degeneration


   Skills:
 - Level 0.7 Fighting
 + Level 2.5 Short Blades
 + Level 4.8 Dodging
 + Level 4.5 Stealth
 - Level 2.4 Unarmed Combat
 - Level 2.6 Spellcasting
 - Level 2.6 Transmutations


You had 5 spell levels left.
You knew the following spells:

 Your Spells              Type           Power      Damage    Failure   Level
a - Beastly Appendage     Tmut           14%        N/A       9%          1
b - Spider Form           Tmut/Pois      2%         N/A       43%         3

Your spell library contained the following spells:

 Spells                   Type           Power      Damage    Failure   Level
 Wereblood                Tmut           7%         N/A       14%         2
 Sublimation of Blood     Necr           0%         N/A       38%         2
 Gell's Gravitas          Tloc           0%         N/A       63%         3
 Lesser Beckoning         Tloc           0%         N/A       63%         3
 Teleport Other           Tloc           1%         N/A       63%         3
 Ice Form                 Ice/Tmut       4%         N/A       83%         4
 Summon Hydra             Summ           0%         N/A       100%        7


Dungeon Overview and Level Annotations

Branches:
Dungeon (3/15)

Altars:
Okawaru

Annotations:
D:3 Ijyb


Innate Abilities, Weirdness & Mutations

You are a tree.
Your roots penetrate the ground, keeping you stationary.
You cannot be teleported.
You are immune to unholy pain and torment.
Your maximum health is greatly increased.
Your equipment is partially melded.
You are very small and have problems with some larger weapons.
You are too small for most types of armour.
You have supernaturally acute eyesight. (SInv)
((You cover ground extremely quickly. (Speed+++)))


Message History

Ijyb completely misses you.
You hit Ijyb.
Ijyb is moderately wounded.
Ijyb hits you but does no damage.
You hit Ijyb but do no damage.
Ijyb is moderately wounded.
Ijyb hits you but does no damage.
You closely miss Ijyb.
Ijyb is lightly wounded.
You barely miss Ijyb.
Ijyb is lightly wounded.
Ijyb hits you but does no damage.
g - a +0 dagger (weapon)
Ijyb completely misses you.
You hit Ijyb but do no damage.
Ijyb is lightly wounded.
Ijyb hits you but does no damage.
You hit Ijyb but do no damage.
Ijyb is lightly wounded.
Ijyb hits you but does no damage.
You hit Ijyb but do no damage.
Ijyb is lightly wounded.
You hit Ijyb but do no damage.
Ijyb is lightly wounded.
Ijyb hits you but does no damage.
You hit Ijyb.
Ijyb is moderately wounded.
Ijyb hits you but does no damage.
You hit Ijyb.
Ijyb is moderately wounded.
Ijyb zaps a wand.
The puff of flame hits you.
* * * LOW HITPOINT WARNING * * *
You take 6 damage, and have 2/37 hp.
You barely miss Ijyb. Your punch misses Ijyb.
Ijyb is moderately wounded.
Ijyb hits you but does no damage.
You hit Ijyb but do no damage.
Ijyb is moderately wounded.
Ijyb zaps a wand.
The puff of flame hits you!
You die...

##≈≈≈.....#.....#...#
##≈≈......#...†)#.).#
##≈≈..##'##.....##'##
##≈≈..#...#.....#...#
##≈≈..#...#.....#...#
##≈≈..#...#.....#...#
##≈≈..##'##.....##'##
##≈≈...#............#
##≈≈...#........♣)..#
..≈≈...##########g..#
##≈≈#####.......#...#
# ≈≈# +..g....'...#
≈≈# #....g..'...# ###
#############


You could see Ijyb.

Vanquished Creatures
  3 gnolls
  2 adders (D:3)
  4 dart slugs
  An orc (D:3)
  5 endoplasms
  3 giant cockroaches
  13 goblins
  12 hobgoblins
  15 jackals
  6 kobolds
  2 quokkas (D:2)
  9 ball pythons
  7 frilled lizards
  6 rats
88 creatures vanquished.

Notes
Turn   | Place    | Note
-------+----------+-------------------------------------------
     0 | D:1      | gimp the Spriggan Transmuter began the quest for the Orb.
     0 | D:1      | Reached XP level 1. HP: 9/9 MP: 5/5
    30 | D:1      | Reached skill level 1 in Stealth
   318 | D:1      | Reached XP level 2. HP: 14/14 MP: 4/6
  1058 | D:1      | Reached skill level 1 in Short Blades
  1075 | D:1      | Reached XP level 3. HP: 8/17 MP: 6/8
  1085 | D:1      | Learned a level 3 spell: Spider Form
  2585 | D:2      | Reached XP level 4. HP: 21/21 MP: 9/9
  3514 | D:3      | Found a faded altar of an unknown god.
  4095 | D:3      | Found an iron altar of Okawaru.
  4113 | D:3      | Reached XP level 5. HP: 8/25 MP: 10/10
  4386 | D:3      | Identified a scroll of acquirement
  4388 | D:3      | Acquired a +2 cloak of stealth
  4816 | D:3      | Noticed Ijyb
  4866 | D:3      | Killed from afar by Ijyb

Illustrated notes

Levels and vault maps discovered:
D:1:      evilmike_arrival_plus, layout_basic
D:2:      layout_loops_ring, grunt_ministairs_6, nrook_loot_triangle,
          minivault_24
D:3:      kennysheep_goblin_castle, layout_basic, lemuel_tele_altar,
          hellmonk_ecumenical_altar_lost_god, kennysheep_potato

Skill      XL: |  1  2  3  4 |
---------------+-------------+-----
Stealth        | 1 2 3 4 |  4.5
Dodging        | 3 4 |  4.8
Short Blades   | 1 2 |  2.5
Fighting       | |  0.7
Unarmed Combat | |  2.4
Spellcasting   | |  2.6
Transmutations | |  2.6

Action                   |  1- 3 |  4- 6 || total
-------------------------+-------+-------++-------
Melee: Unarmed           |    17 |       ||    17
       Kick              |    18 |    13 ||    31
       Headbutt          |     9 |     6 ||    15
       Short sword       |   143 |   191 ||   334
       Punch             |       |     3 ||     3
       Dagger            |       |     8 ||     8
 Cast: Beastly Appendage |    12 |     9 ||    21
  Use: Potion            |       |     4 ||     4
       Scroll            |       |     5 ||     5
 Stab: Sleeping          |     8 |     7 ||    15
Armor: Robe              |     7 |    21 ||    28
       Skin              |       |    13 ||    13
Dodge: Dodged            |   121 |   146 ||   267
